 Dungeon Crawl Stone Soup version 0.28-a0-695-gff097466f2 (webtiles) character file.

Game seed: 13553988874019726439

114381 MirrMurr the Unseen (level 16, -5/81 HPs)
             Began as a Spriggan Enchanter on Oct 22, 2021.
             Was the Champion of Dithmenos.
             Slain by a tarantella (7 damage)
             ... led by a torpor snail
             ... on level 2 of the Spider Nest.
             The game lasted 01:44:36 (40581 turns).

MirrMurr the Unseen (Spriggan Enchanter)           Turns: 40581, Time: 01:44:36

Health: -5/81      AC:  9    Str:  9    XL:     16   Next: 16%
Magic:  26/26      EV: 16    Int: 18    God:    Dithmenos [******]
Gold:   2137       SH:  0    Dex: 16    Spells: 6/27 levels left

rFire   + . .      SeeInvis +   a - +3 quick blade
rCold   + . .      Faith    .   D - +3 buckler {rF+}
rNeg    . . .      Spirit   .   r - +0 swamp dragon scales
rPois   +          Reflect  .   (helmet restricted)
rElec   .          Harm     .   M - +1 cloak {Stlth+}
rCorr   .          Rampage  .   (gloves unavailable)
Will    ++...                   (boots unavailable) Stlth ****++++++
                                c - amulet of magic regeneration
HPRegen 0.23/turn               E - ring of protection from cold
MPRegen 0.45/turn               m - +4 ring of evasion

@: held, wreathed by umbra, studying Unarmed Combat, very quick
A: very small, no large weapons, unfitting armour, see invisible, speed 3
a: Renounce Religion, Shadow Step, Shadow Form


You were on level 2 of the Spider Nest.
You worshipped Dithmenos.
Dithmenos was exalted by your worship.
You visited 4 branches of the dungeon, and saw 25 of its levels.
You also visited: Ice Cave.

You collected 3545 gold pieces.
You spent 1408 gold pieces at shops.

Inventory:

Hand Weapons
 a - a +3 quick blade (weapon)
 b - a +1 dagger of venom
 y - a +4 dagger of distortion
 O - the +8 fustibalus "Zyebbaa" {freeze, rF+ Str+3 Dex+3}
   (You found it on level 6 of the Lair of Beasts)

   Any ammunition fired from it freezes those it strikes, dealing additional
   cold damage.
   It can also slow down cold-blooded creatures.
   Str:       It affects your strength (+3).
   Dex:       It affects your dexterity (+3).
   rF:        It protects you from fire.
Missiles
 g - 664 stones (quivered)
 h - 117 sling bullets
 s - 83 poisoned darts
 w - 3 curare-tipped darts
 R - 12 boomerangs
Armour
 r - +0 swamp dragon scales (worn)
 D - a +3 buckler of fire resistance (worn)
 J - a +2 robe of willpower
 M - a +1 cloak of stealth (worn)
 N - quicksilver dragon scales
Jewellery
 c - an amulet of magic regeneration (around neck)
 m - a +4 ring of evasion (right hand)
 q - a ring of willpower
 z - a ring of positive energy
 E - a ring of protection from cold (left hand)
 L - a ring of wizardry
Wands
 d - a wand of polymorph (19)
 e - a wand of acid (7)
 p - a wand of digging (18)
 v - a wand of iceblast (23)
 A - a wand of mindburst (33)
 C - a wand of paralysis (9)
 I - a wand of flame (48)
Scrolls
 i - 6 scrolls of identify
 k - 10 scrolls of teleportation
 n - a scroll of magic mapping
 u - a scroll of blinking
 H - 3 scrolls of enchant weapon
 K - 2 scrolls of fear
Potions
 f - 6 potions of might
 j - 8 potions of curing
 l - 4 potions of mutation
 o - 6 potions of heal wounds
 t - 3 potions of berserk rage
 x - a potion of cancellation
 B - a potion of resistance
 F - a potion of magic
 G - a potion of invisibility
 P - 2 potions of flight
 Q - a potion of ambrosia
 S - a potion of haste


   Skills:
 - Level 8.2 Fighting
 - Level 10.0 Short Blades
 - Level 2.7 Armour
 - Level 16.9 Dodging
 - Level 17.8 Stealth
 - Level 7.2 Shields
 - Level 6.0 Spellcasting
 + Level 14.0 Hexes
 - Level 6.0 Translocations
 - Level 12.5 Invocations


You had 6 spell levels left.
You knew the following spells:

 Your Spells              Type           Power      Damage    Failure   Level
a - Ensorcelled Hibernat  Hex/Ice        60%        N/A       2%          2
b - Confusing Touch       Hex            54%        N/A       1%          3
c - Tukima's Dance        Hex            54%        N/A       1%          3
d - Dazzling Flash        Conj/Hex       60%        N/A       5%          3
i - Invisibility          Hex            27%        N/A       16%         6
B - Blink                 Tloc           N/A        N/A       4%          2
P - Passwall              Tmut/Erth      4%         N/A       43%         2

Your spell library contained the following spells:

 Spells                   Type           Power      Damage    Failure   Level
 Lesser Beckoning         Tloc           27%        N/A       9%          3
 Fulminant Prism          Conj/Hex       15%        3d11      19%         4
 Animate Skeleton         Necr           10%        N/A       32%         1
 Beastly Appendage        Tmut           10%        N/A       32%         1
 Freeze                   Ice            20%        1d4       32%         1
 Magic Dart               Conj           20%        1d4       32%         1
 Pain                     Necr           20%        1d5       32%         1
 Shock                    Conj/Air       20%        1d4       32%         1
 Sting                    Tmut/Pois      20%        1d4       32%         1
 Poisonous Vapours        Pois/Air       10%        N/A       43%         2
 Searing Ray              Conj           10%        2d4       43%         2
 Static Discharge         Conj/Air       5%         N/A       43%         2
 Wereblood                Tmut           5%         N/A       43%         2
 Manifold Assault         Tloc           27%        N/A       58%         5
 Frozen Ramparts          Ice            10%        1d3       67%         3
 Spider Form              Tmut/Pois      2%         N/A       67%         3
 Swiftness                Air            5%         N/A       67%         3
 Vampiric Draining        Necr           2%         2d6       67%         3
 Airstrike                Air            2%         N/A       97%         4
 Dispel Undead            Necr           5%         3d7       97%         4
 Hailstorm                Conj/Ice       5%         3d4       97%         4
 Ice Form                 Ice/Tmut       5%         N/A       97%         4
 Olgreb's Toxic Radiance  Pois           5%         N/A       97%         4
 Sticky Flame             Conj/Fire      5%         2d3       97%         4
 Summon Ice Beast         Ice/Summ       5%         N/A       97%         4


Dungeon Overview and Level Annotations

Branches:
Dungeon (15/15)            Temple (0/1) D:5            Lair (6/6) D:10
  Swamp (0/4) Lair:4       Spider (2/4) Lair:4        Slime (0/5) Lair:5
    Orc (2/2) D:10            Elf (0/3) Orc:2        Vaults (0/5) D:14
 Depths (0/4) D:15          IceCv (visited)

Altars:
Dithmenos
Elyvilon
Gozag
Hepliaklqana
Kikubaaqudgha
Makhleb
Okawaru
Qazlal
Sif Muna
Uskayaw
Vehumet
Beogh

Shops:
D:1 *   D:6 *   D:8 [   Orc:2 (!(:

Annotations:
D:15 3 runed translucent doors, Hucluil's ghost, journeyman NaIE
Lair:6 2 transporters, Zigma's ghost, journeyman DrNe


Innate Abilities, Weirdness & Mutations

You are very small and have problems with some larger weapons.
You are too small for most types of armour.
You have supernaturally acute eyesight. (SInv)
You cover ground extremely quickly. (Speed+++)


Message History

The jumping spider hisses angrily.
The jumping spider leaps! x2; The tarantella misses you.
The jumping spider leaps!
The jumping spider leaps!
You block the jumping spider's attack. x2
You hit the jumping spider.
The jumping spider is lightly wounded.
The tarantella touches you. The tarantella misses you.
The jumping spider closely misses you. The jumping spider misses you.
Unknown command.
The jumping spider pounces on you.
You are caught in a web!
The jumping spider bites you but does no damage.
The jumping spider leaps!
There is a web here.
You struggle to detach yourself from the web.
The tarantella touches you but does no damage.
The tarantella touches you! The demonic crawler hits you!
* * * LOW HITPOINT WARNING * * *
The demonic crawler barely misses you. x2
The jumping spider pounces on you but does no damage.
The jumping spider misses you.
The jumping spider leaps!
The tarantella barely misses you. The tarantella touches you!
* * * LOW HITPOINT WARNING * * *
You emit a cloud of dark smoke.
The demonic crawler hits you but does no damage. x3
The jumping spider leaps!
The tarantella touches you.
* * * LOW HITPOINT WARNING * * *
You are confused.
The orb spider hisses angrily.
Unknown command.
You are too confused!
Unknown command.
You feel better.
You feel yourself speed up.
The jumping spider leaps!
The demonic crawler misses you.
The demonic crawler hits you but does no damage.
The demonic crawler barely misses you. The tarantella touches you!
* * * LOW HITPOINT WARNING * * *
The tarantella closely misses you.
The jumping spider leaps!
The tarantella touches you!
You die...

#.#....>...#<..........#.........
#.^.......##........###..........
.##.....##...........###.........
.##....##.........)..###.........
#.##.###..............##.........
##.####.[..°....s.....###.......#
#####................# #.....###
##....###.....§ss....####...##
#..#.## ##...ss@ss..###s....#
##.....#####...§§s§.#..#°....#
#........##....§§§§.w........##
.#.........###.....○..........#
##.......... ####............§##
..#........# ##.......[.../.##
.##........# ......○.....§§§ss
.###....... #..............[..
.## ...... #....##.........##


You could see a demonic crawler, 2 orb spiders, 2 jumping spiders and 3
tarantellas.

Vanquished Creatures
  Jorgrun (Orc:1)
  Rupert (D:12)
  Agnes (Spider:1)
  Louise (D:15)
  Nessos (D:12)
  The ghost of Dorrokof the Black Belt, a journeyman DsBe of Trog (Orc:1)
  An ettin (D:14)
  A fire dragon (D:15)
  Josephine (D:11)
  An ice dragon (D:15)
  A vault guard (D:14)
  5 boulder beetles
  2 ogre magi
  12 hydras
  3 centaur warriors
  Erica (D:11)
  2 death knights (D:15)
  3 catoblepae (Lair:6)
  3 two-headed ogres
  11 death yaks
  A tengu warrior (D:15)
  An orc high priest (Orc:1)
  A shadow wraith (D:14)
  3 skeletal warriors
  2 orc knights (Orc:2)
  5 manticores
  A harpy (shapeshifter) (D:14)
  9 ugly things (D:14)
  A deep elf zephyrmancer (D:14)
  5 orb spiders
  10 orc sorcerers (Orc:2)
  6 wolf spiders
  5 cyclopes
  4 elephants (Lair:5)
  3 black mambas
  2 gargoyles
  17 cane toads
  A guardian serpent (Lair:3)
  An unseen horror (D:12)
  7 yaktaurs (D:15)
  Psyche (D:11)
  4 kobold demonologists
  12 komodo dragons
  2 rime drakes
  3 freezing wraiths
  A tengu conjurer (D:15)
  3 demonic crawlers (Spider:2)
  4 ice devils (IceCv)
  An anaconda simulacrum (IceCv)
  8 trolls
  A meliai (shapeshifter) (D:13)
  10 jumping spiders
  3 hornets
  A polar bear (Lair:4)
  3 slime creatures (D:15)
  A raiju (shapeshifter) (D:14)
  11 blink frogs
  7 dream sheep
  A shadow (D:10)
  6 tarantellas
  75 yaks
  23 redbacks
  2 spriggan simulacra (IceCv)
  3 fire bats (Orc:2)
  10 wyverns
  9 wraiths
  A yak (shapeshifter) (D:14)
  6 basilisks
  8 vampire mosquitoes
  A minotaur simulacrum (IceCv)
  A warg (Orc:1)
  2 acid dragons
  20 water moccasins
  3 black bears
  21 orc warriors
  2 sky beasts
  12 ogres
  2 necrophages
  12 wolves
  7 centaurs
  6 kobold brigands
  A phantom (D:6)
  3 scorpions
  16 bullfrogs
  A deep troll simulacrum (IceCv)
  2 wyvern zombies
  9 wights
  3 electric eels (D:8)
  4 lava snakes (D:14)
  3 centaur zombies
  A jelly (D:7)
  18 orc priests
  A gnoll shaman (D:9)
  A hound (D:5)
  A centaur skeleton (D:6)
  3 bullfrog skeletons
  Ijyb (D:5)
  4 iguanas
  37 orc wizards
  3 hell rats (Lair:4)
  2 killer bee zombies
  A howler monkey zombie (D:9)
  A howler monkey skeleton (D:6)
  7 gnolls
  9 adders
  A white imp (D:3)
  An ufetubus (D:6)
  An adder skeleton (D:5)
  75 orcs
  5 bats
  4 endoplasms
  9 giant cockroaches
  4 goblins
  14 hobgoblins
  8 jackals (D:3)
  3 quokkas
  5 ball pythons
  4 frilled lizards
  20 kobolds
  3 rats
736 creatures vanquished.

Vanquished Creatures (collateral kills)
  2 orc warriors
  2 gnolls (D:4)
  7 orcs
  2 kobolds (D:7)
13 creatures vanquished.

Vanquished Creatures (others)
  A yaktaur (D:15)
  An unseen horror (shapeshifter) (D:15)
  12 dancing weapons
  3 orc wizards (Orc:2)
  2 orcs
  15 fungi
  48 plants
82 creatures vanquished.

Grand Total: 831 creatures vanquished

Notes
Turn   | Place    | Note
-------+----------+-------------------------------------------
     0 | D:1      | MirrMurr the Spriggan Enchanter began the quest for the
                  | Orb.
     0 | D:1      | Reached XP level 1. HP: 9/9 MP: 5/5
   595 | D:1      | Reached XP level 2. HP: 5/13 MP: 6/6
   598 | D:1      | Learned a level 2 spell: Ensorcelled Hibernation
   940 | D:1      | Reached skill level 5 in Stealth
  1175 | D:1      | You fall into a shaft and drop 1 floor!
  1629 | D:1      | Found Xeocwuc's Assorted Antiques.
  1649 | D:1      | Found a faded altar of an unknown god.
  2182 | D:2      | Reached XP level 3. HP: 15/16 MP: 2/8
  2644 | D:2      | Reached skill level 6 in Stealth
  3031 | D:2      | Reached XP level 4. HP: 17/21 MP: 4/9
  3120 | D:3      | Found a burning altar of Makhleb.
  3854 | D:2      | Learned a level 3 spell: Confusing Touch
  4118 | D:3      | Reached skill level 7 in Stealth
  4121 | D:3      | Reached XP level 5. HP: 24/24 MP: 0/10
  4204 | D:3      | Learned a level 3 spell: Tukima's Dance
  4537 | D:3      | Noticed an ogre
  4541 | D:3      | Killed an ogre
  4709 | D:4      | Reached skill level 8 in Stealth
  4730 | D:4      | Found a white marble altar of Elyvilon.
  5075 | D:4      | Reached XP level 6. HP: 27/28 MP: 2/11
  5749 | D:4      | Reached skill level 5 in Short Blades
  6321 | D:4      | Reached skill level 5 in Hexes
  6494 | D:4      | Reached XP level 7. HP: 32/32 MP: 13/13
  6596 | D:5      | Entered Level 5 of the Dungeon
  6614 | D:5      | Noticed Ijyb
  6700 | D:5      | Killed Ijyb
  7177 | D:5      | Found a shadowy altar of Dithmenos.
  7182 | D:5      | Learned a level 3 spell: Dazzling Flash
  7186 | D:5      | Became a worshipper of Dithmenos the Shadowed
  7473 | D:5      | Found a staircase to the Ecumenical Temple.
  7484 | D:5      | Reached skill level 1 in Fighting
  7484 | D:5      | Reached XP level 8. HP: 37/37 MP: 8/15
  8484 | D:6      | Reached skill level 5 in Dodging
  8695 | D:6      | Found Qissyoph's Serpentskin Sales.
  9279 | D:6      | Found a shimmering blue altar of Sif Muna.
 10123 | D:7      | Identified a scroll of acquirement
 10123 | D:7      | Acquired a +3 quick blade
 10552 | D:7      | Reached XP level 9. HP: 45/45 MP: 9/16
 11270 | D:7      | Found a hazy altar of Hepliaklqana.
 11773 | D:8      | Found an opulent altar of Gozag.
 11780 | D:8      | Noticed a komodo dragon
 11787 | D:8      | Killed a komodo dragon
 11971 | D:8      | Reached skill level 9 in Stealth
 12059 | D:8      | Found Buv Qenk's Antique Armour Shoppe.
 12818 | D:8      | Reached skill level 10 in Stealth
 12835 | D:8      | Reached * piety under Dithmenos
 13057 | D:8      | Bought a shiny buckler for 150 gold pieces
 13255 | D:8      | Reached skill level 10 in Dodging
 14413 | D:9      | Reached XP level 10. HP: 49/49 MP: 17/17
 14439 | D:9      | Reached skill level 11 in Stealth
 14908 | D:9      | Learned a level 6 spell: Invisibility
 15113 | D:9      | Found a stormy altar of Qazlal.
 15163 | D:9      | Found a hide-covered altar of Uskayaw.
 15258 | D:10     | Entered Level 10 of the Dungeon
 15401 | D:10     | Reached skill level 12 in Stealth
 16177 | D:10     | Found a staircase to the Orcish Mines.
 16204 | D:10     | Reached ** piety under Dithmenos
 16268 | D:10     | Found a staircase to the Lair.
 16271 | D:10     | Reached skill level 1 in Shields
 16900 | D:10     | Reached XP level 11. HP: 54/54 MP: 14/19
 17230 | D:11     | Reached skill level 5 in Spellcasting
 17234 | D:11     | Noticed Erica
 17547 | D:11     | Noticed Psyche
 17547 | D:11     | Noticed Josephine
 17757 | D:11     | Killed Erica
 18186 | D:11     | Killed Josephine
 18393 | D:11     | Reached skill level 13 in Stealth
 18610 | D:11     | Killed Psyche
 18843 | D:12     | Noticed a two-headed ogre
 18844 | D:12     | Noticed Rupert
 18908 | Lair:1   | Entered Level 1 of the Lair of Beasts
 18943 | Lair:1   | Reached skill level 5 in Fighting
 19078 | Lair:1   | Reached skill level 1 in Invocations
 19399 | Lair:1   | Reached *** piety under Dithmenos
 19524 | Lair:1   | Noticed a six-headed hydra
 19666 | Lair:1   | Killed a six-headed hydra
 19667 | Lair:1   | Reached XP level 12. HP: 60/60 MP: 7/22
 20747 | Lair:2   | Noticed a six-headed hydra
 20755 | Lair:2   | Killed a six-headed hydra
 20997 | Lair:2   | Reached skill level 5 in Shields
 21299 | Lair:2   | Reached **** piety under Dithmenos
 21319 | Lair:2   | Reached skill level 10 in Hexes
 21334 | Lair:2   | Reached skill level 14 in Stealth
 22106 | Lair:3   | Reached skill level 5 in Invocations
 22342 | Lair:3   | Learned a level 2 spell: Passwall
 22813 | Lair:4   | Found a staircase to the Swamp.
 22848 | Lair:4   | Reached skill level 10 in Short Blades
 22863 | Lair:4   | Noticed a seven-headed hydra
 22871 | Lair:4   | Killed a seven-headed hydra
 22872 | Lair:4   | Reached XP level 13. HP: 65/65 MP: 19/23
 23782 | Lair:4   | Found a hole to the Spider Nest.
 24446 | Lair:4   | Reached skill level 15 in Stealth
 24536 | Lair:4   | Acquired 883 gold pieces
 25077 | Lair:5   | Identified the +5 spear of Change {vamp, rElec Will+ Dex+4}
 25182 | Lair:5   | Found a staircase to the Slime Pits.
 25184 | Lair:5   | Reached ***** piety under Dithmenos
 25669 | Lair:6   | Entered Level 6 of the Lair of Beasts
 25795 | Lair:6   | Found a transporter.
 25807 | Lair:6   | Found a transporter.
 25808 | Lair:6   | Noticed Zigma's ghost (journeyman DrNe)
 26162 | Lair:6   | Reached skill level 15 in Dodging
 26300 | Lair:6   | Reached XP level 14. HP: 70/70 MP: 24/24
 27177 | Lair:6   | Identified the +8 fustibalus "Zyebbaa" {freeze, rF+ Str+3
                  | Dex+3}
 27563 | D:12     | Killed Rupert
 27564 | D:12     | Reached skill level 10 in Invocations
 27756 | D:12     | Reached skill level 16 in Stealth
 28008 | D:12     | Noticed Nessos
 28013 | D:12     | Killed Nessos
 28896 | Lair:3   | Found the +3 pair of seven-league boots {Rampage+∞}
 29588 | D:13     | Found a shimmering blue altar of Sif Muna.
 29798 | D:8      | Bought a glowing robe for 74 gold pieces
 29833 | D:6      | Bought +0 swamp dragon scales for 650 gold pieces
 30250 | D:14     | Reached ****** piety under Dithmenos
 30767 | D:14     | Found a hide-covered altar of Uskayaw.
 30867 | D:14     | Reached XP level 15. HP: 75/75 MP: 25/25
 30875 | D:14     | Found a gate to the Vaults.
 31043 | D:15     | Entered Level 15 of the Dungeon
 31144 | D:15     | Noticed Louise
 31149 | D:15     | Found a runed translucent gate.
 31149 | D:15     | Found a runed translucent gate.
 31150 | D:15     | Found a runed translucent gate.
 31152 | D:15     | Reached skill level 17 in Stealth
 31221 | D:15     | Found an iron altar of Okawaru.
 31571 | D:14     | Reached skill level 1 in Armour
 31750 | D:15     | Killed Louise
 33050 | D:15     | Noticed Hucluil's ghost (journeyman NaIE)
 33124 | D:15     | Found a staircase to the Depths.
 33322 | D:15     | Found a staircase to the Depths.
 33538 | D:15     | Found an iron altar of Okawaru.
 33663 | Orc:1    | Entered Level 1 of the Orcish Mines
 34115 | Orc:2    | Entered Level 2 of the Orcish Mines
 34828 | Orc:2    | Found a staircase to the Elven Halls.
 35257 | Orc:1    | Found a runed translucent gate.
 35257 | Orc:1    | Noticed Jorgrun
 35258 | Orc:1    | Found a runed translucent gate.
 35335 | Orc:1    | Killed Jorgrun
 35350 | Orc:1    | Found a runed translucent gate.
 35352 | Orc:1    | Noticed Dorrokof's ghost (journeyman DsBe)
 35587 | Orc:1    | Killed Dorrokof's ghost
 36609 | Orc:2    | Found Zorghyag's Antique Weapon Shoppe.
 37196 | Orc:2    | Found Oqojin's Antique Weapon Emporium.
 37250 | Orc:2    | Found a radiant altar of Vehumet.
 37461 | Orc:2    | Found Quufoqud's Book Shoppe.
 37641 | Orc:2    | Bought a book of Spatial Translocations for 364 gold pieces
 37651 | Orc:2    | Learned a level 2 spell: Blink
 37655 | Orc:2    | Found Qeohoidgh's Distillery.
 37663 | Orc:2    | Bought a potion of haste for 170 gold pieces
 37672 | Orc:2    | Found an ancient bone altar of Kikubaaqudgha.
 37956 | Spider:1 | Entered Level 1 of the Spider Nest
 37991 | Spider:1 | Reached skill level 1 in Translocations
 38384 | Spider:1 | Noticed Agnes
 38392 | Spider:1 | Killed Agnes
 38399 | Spider:1 | Found a frozen archway.
 38427 | IceCv    | Entered an ice cave
 38640 | IceCv    | Reached XP level 16. HP: 81/81 MP: 23/26
 39179 | Spider:1 | Reached skill level 5 in Translocations
 40581 | Spider:2 | HP: 2/81 [tarantella (11)]
 40581 | Spider:2 | Slain by a tarantella

Illustrated notes

Levels and vault maps discovered:
D:1:      dpeg_arrival_court, layout_loops_ring, serial_shops, shop,
          ebering_ecumenical_altar_box
D:2:      layout_basic
D:3:      minmay_door_path, layout_basic, mainiacjoe_overflow_six_doors_small,
          hangedman_abyss_or_decor_lesser_grid
D:4:      layout_loops_cross, kennysheep_little_box, serial_bayou_lake_a
D:5:      layout_rooms, nicolae_overflow_crystal_walls,
          minmay_temple_entry_hall, uniq_ijyb
D:6:      layout_gridville, lemuel_doored_altar, chequers_serial_rivers_small_3,
          guppyfry_shop_venom
D:7:      layout_basic, general_overflow_altar
D:8:      layout_cave_pools, mainiacjoe_overflow_cross_hatched, serial_shops,
          shop_statue, chequers_big_river
D:9:      layout_rooms, lemuel_round_altar, nicolae_qazlal_style_of_elements
D:10:     layout_irregular_city, minmay_lair_entry_grove,
          minmay_orc_entry_temple_small, hangedman_decor_clover_reticule
D:11:     layout_basic, enter_bailey_2, uniq_psyche, uniq_josephine, uniq_erica
D:12:     layout_gridville, uniq_nessos, uniq_rupert
D:13:     layout_cave_pools, wad_floor_pattern_1, tgw_sif
D:14:     layout_loops_ring, david_vaults_4, lemuel_round_altar,
          grunt_decor_junction
D:15:     grunt_enter_depths_hoard, layout_cave_pools,
          maelrawn_ghost_gauntlet_escape, okawaru_trees_2,
          chequers_serial_rivers_small_b, uniq_louise
Lair:1:   layout_roguey, minivault_19, beast_lair_carwin_5
Lair:2:   layout_regular_city, serial_bayou_shore_b
Lair:3:   layout_loops_ring, grunt_forest_stairs_basic,
          hellmonk_guarded_unrand_seven_league_boots
Lair:4:   layout_cave_pods, swamp_mist, spider_nest_entry_webs, special_room
          [special_room_mythical_zoo], grunt_megastairs_3, serial_bayou_shore_b
Lair:5:   layout_misc_corridors, slime_dummy, lemuel_fruit_fields
Lair:6:   evilmike_catoblepas_cave, layout_long_grid, gammafunk_ghost_hive
Spider:1: layout_spider_delve, portal_ice_cave_entry_pillars_four, uniq_agnes
Spider:2: layout_chambers
Orc:1:    layout_caves, ebering_ghost_rock_garden, uniq_jorgrun
Orc:2:    kennysheep_orc_mage_school, layout_diamond_mine,
          nicolae_volcano_entry_batcave

Skill      XL: |  1  2  3  4  5  6  7  8  9 10 11 12 13 14 15 16 |
---------------+-------------------------------------------------+-----
Stealth        | 5 6 7 8 10 12 13 14 15 16 17 | 17.8
Short Blades   | 2 3 4 5 7 8 9 10 | 10.0
Spellcasting   | 3 4 6 |  6.0
Hexes          | 5 8 9 10 11 13 14 | 14.0
Fighting       | 1 4 5 6 7 8 |  8.2
Dodging        | 3 7 10 12 13 15 16 | 16.9
Shields        | 2 4 5 7 |  7.2
Invocations    | 2 5 9 11 12 | 12.5
Armour         | 2 |  2.7
Translocations | 4 6 |  6.0

Action                   |  1- 3 |  4- 6 |  7- 9 | 10-12 | 13-15 | 16-18 || total
-------------------------+-------+-------+-------+-------+-------+-------++-------
Melee: Dagger            |   171 |   144 |   335 |   293 |    36 |       ||   979
       Quick blade       |       |       |       |   549 |  1299 |   199 ||  2047
Throw: Stone             |       |     1 |     4 |       |    13 |     5 ||    23
 Cast: Ensorcelled Hiber |    27 |    38 |   107 |   211 |   266 |    28 ||   677
       Confusing Touch   |       |     2 |    28 |    18 |    59 |    20 ||   127
       Tukima's Dance    |       |    10 |    21 |    13 |    56 |       ||   100
       Invisibility      |       |       |       |       |     5 |       ||     5
Evoke: Wand              |       |       |       |     1 |       |       ||     1
  Use: Potion            |     1 |       |       |     1 |     2 |     2 ||     6
       Scroll            |       |     2 |    15 |     9 |     7 |       ||    33
 Stab: Sleeping          |    20 |    39 |    53 |   114 |   251 |    25 ||   502
       Distracted        |     1 |       |       |     1 |     4 |     1 ||     7
       Confused          |       |     2 |    27 |    23 |    92 |    23 ||   167
       Invisible         |       |       |       |     3 |    35 |       ||    38
Armor: Robe              |    43 |    22 |    49 |    32 |    34 |       ||   180
       Swamp dragon scal |       |       |       |       |     4 |    13 ||    17
Dodge: Dodged            |   216 |    88 |   200 |   441 |   558 |   130 ||  1633
Block: Buckler           |       |       |       |   202 |   364 |    55 ||   621

Table legend: (Time is in decaauts)
 A = Elapsed time spent in this place.
 B = Non-inter-level travel time spent in this place.
 C = Inter-level travel time spent in this place.
 D = Time resting spent in this place.
 E = Time spent auto-exploring this place.
 F = Levels seen in this place.
 G = Mean time per level.
                   A        B        C        D        E       F      G
               +--------+--------+--------+--------+--------+-----+--------+
         Total |  30924 |  29224 |   1700 |   3057 |  19437 |  26 | 1189.4 |
       Dungeon |  19203 |  18096 |   1107 |   1672 |  12254 |  15 | 1280.2 |
          Lair |   6850 |   6362 |    488 |    281 |   4827 |   6 | 1141.7 |
   Spider Nest |   1487 |   1459 |     28 |      2 |   1136 |   2 |  743.5 |
  Orcish Mines |   3050 |   2974 |     76 |    978 |   1213 |   2 | 1525.0 |
      Ice Cave |    332 |    332 |      0 |    124 |      6 |   1 |  332.0 |
               +--------+--------+--------+--------+--------+-----+--------+

Top non-repeatable levels by time:
    D:10: 2054 daAuts
     D:8: 1854 daAuts
   Orc:2: 1663 daAuts
     D:4: 1599 daAuts
     D:1: 1593 daAuts
     D:2: 1542 daAuts
  Lair:3: 1531 daAuts
     D:7: 1524 daAuts
   Orc:1: 1387 daAuts
    D:14: 1370 daAuts
  Lair:1: 1346 daAuts
     D:6: 1310 daAuts
    D:15: 1240 daAuts
     D:3: 1207 daAuts
  Lair:4: 1200 daAuts
